SL
MISSISSIPPI MOCKINGBIRDS @ D.C. DIVIDED
07/18/2042
 
TOP OF THE 1ST
Mississippi Mockingbirds batting - Pitching for D.C. Divided : RHP Eric Colquhoun
Pitching: RHP Eric Colquhoun
Batting: LHB Jesús Lazcano 0-0: Fly out, F4 (Popup, 4M, EV 70.0 MPH)
Batting: LHB Warren King 0-0: Swinging Strike
0-1: Ball
1-1: Ball
2-1: Swinging Strike
2-2: Foul Ball, location: 2F
2-2: Ball
3-2: Strikes out looking
Batting: LHB Rylen Roersma 0-0: Foul Ball, location: 2F
0-1: Ball
1-1: Ball
2-1: Ball
3-1: Called Strike
3-2: DOUBLE (Flyball, 78XD, EV 111.2 MPH)
Batting: RHB Júlio Coronado 0-0: Ball
1-0: Called Strike
1-1: Ball
2-1: Foul Ball, location: 2F
2-2: Foul Ball, location: 2F
2-2: Ball
3-2: Foul Ball, location: 2F
3-2: Foul Ball, location: 2F
3-2: Foul Ball, location: 2F
3-2: Foul Ball, location: 2F
3-2: Foul Ball, location: 2F
3-2: Foul Ball, location: 2F
3-2: Foul Ball, location: 2F
3-2: Foul Ball, location: 2F
3-2: Base on Balls
Batting: RHB Doug Allerdale 0-0: Foul Ball, location: 2F
0-1: Swinging Strike
0-2: Strikes out looking and he ARGUES THE CALL AND IS TOSSED!
Top of the 1st over - 0 runs, 1 hit, 0 errors, 2 left on base; Mississippi 0 - D.C. 0
BOTTOM OF THE 1ST
D.C. Divided batting - Pitching for Mississippi Mockingbirds : RHP Fernando Lujino
Pitching: RHP Fernando Lujino
Now at C: Jesús Capmany
Batting: RHB Kimi Okubo 0-0: Ball
1-0: Ball
2-0: Called Strike
2-1: Ball
3-1: Base on Balls
Batting: LHB Bill Butler 0-0: Ball
1-0: Ball
2-0: Called Strike
2-1: Foul Ball, location: 2F
2-2: Ball
3-2: Strikes out looking
Batting: RHB Martín Chávez 0-0: Ball
Kimi Okubo steals 2nd base
1-0: Ball
2-0: Ball
3-0: Base on Balls
Batting: LHB Stanley Zijm 0-0: Ball
1-0: Ball
Kimi Okubo steals 3rd base (no throw)
Martín Chávez to second
2-0: DOUBLE (Flyball, 8LXD, EV 95.0 MPH)
Kimi Okubo scores
Martín Chávez scores
Batting: SHB Billy Dotson 0-0: Called Strike
0-1: Fly out, F7 (Flyball, 78D, EV 96.9 MPH)
Batting: LHB Buddy Patton 0-0: Ball
1-0: Ball
2-0: Called Strike
2-1: Swinging Strike
2-2: Foul Ball, location: 2F
2-2: Ball
3-2: Foul Ball, location: 2F
3-2: SINGLE (Groundball, 3, EV 101.2 MPH) (infield hit)
Stanley Zijm to third
Batting: RHB Layton Arntsen 0-0: Called Strike
0-1: Ball
1-1: Ball
2-1: Fielders Choice at 2nd, 5-4 (Groundball, 5, EV 85.6 MPH)
Bottom of the 1st over - 2 runs, 2 hits, 0 errors, 2 left on base; Mississippi 0 - D.C. 2
TOP OF THE 2ND
Mississippi Mockingbirds batting - Pitching for D.C. Divided : RHP Eric Colquhoun
Batting: LHB Seb Blanch 0-0: Called Strike
0-1: Called Strike
0-2: Strikes out swinging
Batting: LHB Riley Rowbery 0-0: Swinging Strike
0-1: Ball
1-1: Called Strike
1-2: Ball
2-2: Foul Ball, location: 2F
2-2: Strikes out swinging
Batting: LHB Wu-shun Chu 0-0: Called Strike
0-1: Ball
1-1: SINGLE (Line Drive, 89S, EV 102.5 MPH)
Batting: RHB Jorge Muńóz 0-0: Ball
Wu-shun Chu steals 2nd base (no throw)
1-0: Ground out 5-3 (Groundball, 56S, EV 83.8 MPH)
Top of the 2nd over - 0 runs, 1 hit, 0 errors, 1 left on base; Mississippi 0 - D.C. 2
BOTTOM OF THE 2ND
D.C. Divided batting - Pitching for Mississippi Mockingbirds : RHP Fernando Lujino
Batting: RHB Peni Ferede 0-0: Ball
1-0: Ball
2-0: DOUBLE (Line Drive, 8LXD, EV 102.5 MPH)
Batting: RHB Francisco Alhama 0-0: Swinging Strike
0-1: Ball
1-1: Swinging Strike
1-2: Strikes out swinging
Batting: RHB Kimi Okubo 0-0: Ball
1-0: Ball
Peni Ferede steals 3rd, throwing error, E2
Peni Ferede scores
2-0: Ball
3-0: Called Strike
3-1: Foul Ball, location: 2F
3-2: Foul Ball, location: 2F
3-2: Strikes out swinging
Batting: LHB Bill Butler 0-0: Ball
1-0: Swinging Strike
1-1: Ground out 6-3 (Groundball, 6, EV 105.0 MPH)
Bottom of the 2nd over - 1 run, 1 hit, 1 error, 0 left on base; Mississippi 0 - D.C. 3
TOP OF THE 3RD
Mississippi Mockingbirds batting - Pitching for D.C. Divided : RHP Eric Colquhoun
Batting: LHB Jesús Lazcano 0-0: Ground out 6-3 (Groundball, 6, EV 88.1 MPH)
Batting: LHB Warren King 0-0: Swinging Strike
0-1: Ball
1-1: Swinging Strike
1-2: Foul Ball, location: 2F
1-2: Ball
2-2: Ball
3-2: SINGLE (Groundball, P, EV 86.9 MPH) (infield hit)
Batting: LHB Rylen Roersma 0-0: Ball
1-0: Ball
2-0: Called Strike
2-1: Fly out, F7 (Flyball, 7D, EV 101.9 MPH)
Batting: RHB Júlio Coronado 0-0: Ball
1-0: Foul Ball, location: 2F
1-1: Foul Ball, location: 2F
1-2: Ball
2-2: Ball
3-2: Strikes out looking
Top of the 3rd over - 0 runs, 1 hit, 0 errors, 1 left on base; Mississippi 0 - D.C. 3
BOTTOM OF THE 3RD
D.C. Divided batting - Pitching for Mississippi Mockingbirds : RHP Fernando Lujino
Batting: RHB Martín Chávez 0-0: Ball
1-0: Called Strike
1-1: Swinging Strike
1-2: Ground out 6-3 (Groundball, 6, EV 81.9 MPH)
Batting: LHB Stanley Zijm 0-0: Called Strike
0-1: Ground out 5-3 (Groundball, 56, EV 86.2 MPH)
Batting: SHB Billy Dotson 0-0: Ball
1-0: Foul Ball, location: 2F
1-1: Fly out, F8 (Flyball, 8LS, EV 78.8 MPH)
Bottom of the 3rd over - 0 runs, 0 hits, 0 errors, 0 left on base; Mississippi 0 - D.C. 3
TOP OF THE 4TH
Mississippi Mockingbirds batting - Pitching for D.C. Divided : RHP Eric Colquhoun
Batting: RHB Jesús Capmany 0-0: Ball
1-0: Swinging Strike
1-1: Ball
2-1: Called Strike
2-2: Foul Ball, location: 2F
2-2: SINGLE (Groundball, 56D, EV 95.0 MPH)
Batting: LHB Seb Blanch 0-0: Ball
1-0: Ball
2-0: Foul Ball, location: 2F
2-1: Swinging Strike
2-2: Strikes out looking
Batting: LHB Riley Rowbery 0-0: Swinging Strike
0-1: Swinging Strike
0-2: Ball
1-2: Strikes out swinging
Batting: LHB Wu-shun Chu 0-0: Ball
1-0: Fly out, F7 (Flyball, 78S, EV 80.6 MPH)
Top of the 4th over - 0 runs, 1 hit, 0 errors, 1 left on base; Mississippi 0 - D.C. 3
BOTTOM OF THE 4TH
D.C. Divided batting - Pitching for Mississippi Mockingbirds : RHP Fernando Lujino
Batting: LHB Buddy Patton 0-0: Ball
1-0: SINGLE (Line Drive, 8RS, EV 91.9 MPH)
Batting: RHB Layton Arntsen 0-0: Called Strike
0-1: Ball
1-1: Called Strike
1-2: Foul Ball, location: 2F
1-2: Fly out, F8 (Flyball, 8LXD, EV 86.2 MPH)
Batting: RHB Peni Ferede 0-0: Ball
Wild Pitch!
Buddy Patton to second
1-0: Ball
2-0: Fly out, F7 (Line Drive, 7D, EV 102.5 MPH)
Runner from 2nd tags up, SAFE at 3rd, no throw by LF
Batting: RHB Francisco Alhama 0-0: Ball
1-0: Ball
2-0: Ball
3-0: Called Strike
3-1: Foul Ball, location: 2F
3-2: Foul Ball, location: 2F
3-2: Base on Balls
Batting: RHB Kimi Okubo 0-0: Ball
1-0: Called Strike
1-1: Ball
2-1: Ground out 5-3 (Groundball, 56S, EV 70.0 MPH)
Bottom of the 4th over - 0 runs, 1 hit, 0 errors, 2 left on base; Mississippi 0 - D.C. 3
TOP OF THE 5TH
Mississippi Mockingbirds batting - Pitching for D.C. Divided : RHP Eric Colquhoun
Batting: RHB Jorge Muńóz 0-0: Called Strike
0-1: Foul Ball, location: 2F
0-2: Strikes out swinging
Batting: LHB Jesús Lazcano 0-0: Ball
1-0: Called Strike
1-1: Swinging Strike
1-2: Ball
2-2: Ball
3-2: Fly out, F7 (Flyball, 7LD, EV 88.8 MPH)
Batting: LHB Warren King 0-0: Called Strike
0-1: Fly out, F7 (Flyball, 7LS, EV 90.0 MPH)
Top of the 5th over - 0 runs, 0 hits, 0 errors, 0 left on base; Mississippi 0 - D.C. 3
BOTTOM OF THE 5TH
D.C. Divided batting - Pitching for Mississippi Mockingbirds : RHP Fernando Lujino
Batting: LHB Bill Butler 0-0: Ground out 6-3 (Groundball, 6, EV 86.2 MPH)
Batting: RHB Martín Chávez 0-0: Called Strike
0-1: Ball
1-1: Ball
2-1: Ball
3-1: Called Strike
3-2: Fly out, F8 (Line Drive, 8RM, EV 103.8 MPH)
Batting: LHB Stanley Zijm 0-0: Called Strike
0-1: Foul Ball, location: 2F
0-2: Ball
1-2: Foul Ball, location: 2F
1-2: Ball
2-2: Ground out 4-3 (Groundball, 4M, EV 98.1 MPH)
Bottom of the 5th over - 0 runs, 0 hits, 0 errors, 0 left on base; Mississippi 0 - D.C. 3
TOP OF THE 6TH
Mississippi Mockingbirds batting - Pitching for D.C. Divided : RHP Eric Colquhoun
Batting: LHB Rylen Roersma 0-0: Swinging Strike
0-1: Ball
1-1: Ball
2-1: SINGLE (Line Drive, 8LS, EV 93.8 MPH)
Batting: RHB Júlio Coronado 0-0: Ball
1-0: Foul Ball, location: 2F
1-1: Swinging Strike
1-2: Ball
2-2: Fly out, F7 (Flyball, 7, EV 86.9 MPH)
Pitching: RHP José Hernández
Batting: RHB Jesús Capmany 0-0: Called Strike
0-1: Grounds into double play, 3-6-3 (Groundball, 34, EV 98.8 MPH)
Top of the 6th over - 0 runs, 1 hit, 0 errors, 0 left on base; Mississippi 0 - D.C. 3
BOTTOM OF THE 6TH
D.C. Divided batting - Pitching for Mississippi Mockingbirds : RHP Fernando Lujino
Pitching: RHP Bill Glenn
Batting: SHB Billy Dotson 0-0: Ball
1-0: Fly out, F9 (Flyball, 9S, EV 89.4 MPH)
Batting: LHB Buddy Patton 0-0: Ball
1-0: Reached on error, E4 (Groundball, 4, EV 92.5 MPH)
Batting: RHB Layton Arntsen 0-0: Ball
1-0: Ball
2-0: Called Strike
2-1: Fly out, F7 (Flyball, 7S, EV 87.5 MPH)
Batting: RHB Peni Ferede 0-0: Called Strike
0-1: Ball
1-1: Ball
2-1: Foul Ball, location: 2F
2-2: Foul Ball, location: 2F
2-2: Strikes out swinging
Bottom of the 6th over - 0 runs, 0 hits, 1 error, 1 left on base; Mississippi 0 - D.C. 3
TOP OF THE 7TH
Mississippi Mockingbirds batting - Pitching for D.C. Divided : RHP José Hernández
Batting: LHB Seb Blanch 0-0: Swinging Strike
0-1: Ball
1-1: SINGLE (Line Drive, 8RM, EV 98.1 MPH)
Batting: LHB Riley Rowbery 0-0: Called Strike
0-1: Called Strike
0-2: Strikes out swinging
Batting: LHB Wu-shun Chu 0-0: Called Strike
0-1: Foul Ball, location: 2F
0-2: Grounds into double play, U3-6 (Groundball, 3L, EV 98.8 MPH)
Top of the 7th over - 0 runs, 1 hit, 0 errors, 0 left on base; Mississippi 0 - D.C. 3
BOTTOM OF THE 7TH
D.C. Divided batting - Pitching for Mississippi Mockingbirds : RHP Bill Glenn
Batting: RHB Francisco Alhama 0-0: Bunt missed!
0-1: Ball
1-1: Foul Ball, location: 2F
1-2: Ball
2-2: Fly out, F9 (Flyball, 89S, EV 80.0 MPH)
Batting: RHB Kimi Okubo 0-0: Ball
1-0: Ball
2-0: Ball
3-0: Called Strike
3-1: Base on Balls
Batting: LHB Bill Butler 0-0: Ball
1-0: Ball
2-0: Foul Ball, location: 2F
2-1: Called Strike
Kimi Okubo steals 2nd base
2-2: Foul Ball, location: 2F
2-2: Foul Ball, location: 2F
2-2: Strikes out looking
Batting: RHB Martín Chávez 0-0: Swinging Strike
0-1: Foul Ball, location: 2F
0-2: Ball
1-2: Foul Ball, location: 2F
1-2: Strikes out swinging
Bottom of the 7th over - 0 runs, 0 hits, 0 errors, 1 left on base; Mississippi 0 - D.C. 3
TOP OF THE 8TH
Mississippi Mockingbirds batting - Pitching for D.C. Divided : RHP José Hernández
Batting: RHB Jorge Muńóz 0-0: Called Strike
0-1: Ball
1-1: Ball
2-1: Foul Ball, location: 2F
2-2: Ground out 1-3 (Groundball, 34S, EV 84.4 MPH)
Batting: LHB Jesús Lazcano 0-0: Ball
1-0: Ground out 3-1 (Groundball, 34, EV 81.2 MPH)
Batting: LHB Warren King 0-0: Ball
1-0: Called Strike
1-1: SINGLE (Groundball, 34D, EV 97.5 MPH)
Batting: LHB Rylen Roersma 0-0: Foul Ball, location: 2F
0-1: Swinging Strike
0-2: Fielders Choice at 2nd, 6-4 (Groundball, 6D, EV 104.4 MPH)
Top of the 8th over - 0 runs, 1 hit, 0 errors, 1 left on base; Mississippi 0 - D.C. 3
BOTTOM OF THE 8TH
D.C. Divided batting - Pitching for Mississippi Mockingbirds : RHP Bill Glenn
Batting: LHB Stanley Zijm 0-0: Ball
1-0: Called Strike
1-1: Foul Ball, location: 2F
1-2: Foul Ball, location: 2F
1-2: Ground out 4-3 (Groundball, 4, EV 81.9 MPH)
Batting: SHB Billy Dotson 0-0: Called Strike
0-1: Ball
1-1: Ball
2-1: Foul Ball, location: 2F
2-2: Ball
3-2: Base on Balls
Pitching: LHP Joe Gram
Batting: LHB Buddy Patton 0-0: Foul Ball, location: 2F
0-1: Ball
1-1: Swinging Strike
1-2: Ball
2-2: Ball
3-2: Grounds into double play, 4-6-3 (Groundball, 34, EV 96.9 MPH)
Bottom of the 8th over - 0 runs, 0 hits, 0 errors, 0 left on base; Mississippi 0 - D.C. 3
TOP OF THE 9TH
Mississippi Mockingbirds batting - Pitching for D.C. Divided : RHP José Hernández
Pitching: RHP Sidney Crosbie
Batting: RHB Júlio Coronado 0-0: Called Strike
0-1: Ball
1-1: Called Strike
1-2: Ball
2-2: Strikes out swinging
Batting: RHB Jesús Capmany 0-0: Fly out, F8 (Flyball, 8LM, EV 85.6 MPH)
Batting: LHB Seb Blanch 0-0: SOLO HOME RUN (Flyball, 89XD, EV 95.6 MPH), Distance : 419 ft
Batting: LHB Riley Rowbery 0-0: Ball
1-0: Foul Ball, location: 2F
1-1: Fly out, F7 (Flyball, 78M, EV 92.5 MPH)
Top of the 9th over - 1 run, 1 hit, 0 errors, 0 left on base; Mississippi 1 - D.C. 3
Friday, March 26th, 2021 - OOTP Baseball 20.8 Build 74